 Dungeon Crawl Stone Soup version 0.30-a0-1112-gfb780f5df6 (webtiles) character file.

Game seed: 13110096271238314356

259 retardedninja the Firebug (level 6, -4/44 HPs)
             Began as a Gnoll Fire Elementalist on Apr 19, 2023.
             Killed from afar by a dart slug (5 damage)
             ... with a slug dart
             ... on level 3 of the Dungeon.
             The game lasted 00:04:54 (3007 turns).

retardedninja the Firebug (Gnoll Fire Elementalist) Turns: 3007, Time: 00:04:54

Health: -4/44      AC:  3    Str:  7    XL:     6   Next: 17%
Magic:  8/12       EV: 13    Int: 16    God:
Gold:   107        SH:  0    Dex: 13    Spells: 12/15 levels left

rFire   + . .      SeeInvis +    d - +0 spear
rCold   + . .      Faith    .    (no shield)
rNeg    . . .      Spirit   .    a - +0 robe
rPois   +          Reflect  .    (no helmet)
rElec   +          Rampage  .    m - +0 cloak
rCorr   .                        (no gloves)
Will    +....                    (no boots)
Stlth   +++                      (no amulet)
HPRegen 0.27/turn                c - ring of Zaloraum {rElec rPois rC+ Will+ SInv}
MPRegen 0.13/turn                (no ring)

@: lethally poisoned (-4 -> -17), about to teleport
A: fangs 1, strong nose, distributed training, fire resistance 1, low MP 1
a: no special abilities


You were on level 3 of the Dungeon.
You visited 1 branch of the dungeon, and saw 3 of its levels.

You collected 107 gold pieces.

Inventory:

Hand Weapons
 d - a +0 spear (weapon)
Armour
 a - a +0 robe (worn)
 m - a +0 cloak (worn)
Jewellery
 c - the ring of Zaloraum (left hand) {rElec rPois rC+ Will+ SInv}
   (You found it on level 3 of the Dungeon)

   [ring of protection from cold]

   rC:        It protects you from cold.
   rElec:     It insulates you from electricity.
   rPois:     It protects you from poison.
   SInv:      It lets you see invisible.
   Will:      It increases your willpower.
 f - a ring of see invisible
Scrolls
 e - a scroll of fear
 q - a scroll of vulnerability {unknown}
Potions
 b - a potion of magic
 g - a potion of attraction
 p - a potion of flight


   Skills:
 + Level 1.9 Fighting
 + Level 1.9 Short Blades
 + Level 1.9 Long Blades
 + Level 1.9 Axes
 + Level 1.9 Maces & Flails
 + Level 1.9 Polearms
 + Level 1.9 Staves
 + Level 1.9 Ranged Weapons
 + Level 1.9 Throwing
 + Level 1.9 Armour
 + Level 5.0 Dodging
 + Level 4.6 Stealth
 + Level 1.9 Shields
 + Level 1.9 Unarmed Combat
 + Level 5.3 Spellcasting
 + Level 2.6 Conjurations
 + Level 1.5 Hexes
 + Level 1.5 Summonings
 + Level 1.5 Necromancy
 + Level 1.5 Translocations
 + Level 1.5 Transmutations
 + Level 5.6 Fire Magic
 + Level 1.5 Ice Magic
 + Level 1.5 Air Magic
 + Level 1.5 Earth Magic
 + Level 1.5 Poison Magic
 + Level 2.1 Invocations
 + Level 1.9 Evocations


You had 12 spell levels left.
You knew the following spells:

 Your Spells              Type           Power      Damage    Failure   Level
a - Foxfire               Conj/Fire      68%        2x1d7     2%          1
b - Scorch                Fire           44%        2d7       2%          2

Your spell library contained the following spells:

 Spells                   Type           Power      Damage    Failure   Level
 Inner Flame              Hex/Fire       15%        N/A       10%         3
 Volatile Blastmotes      Fire/Tloc      30%        2d12      10%         3
 Summon Guardian Golem    Hex/Summ       9%         N/A       24%         3
 Flame Wave               Conj/Fire      17%        2d7       26%         4
 Orb of Destruction       Conj           6%         9d6       100%        7
 Spellforged Servitor     Conj/Summ      5%         N/A       100%        7


Dungeon Overview and Level Annotations

Branches:
Dungeon (3/15)

Altars:

Shops:
D:3 (

Annotations:
D:3 Ijyb


Innate Abilities, Weirdness & Mutations

You have very sharp teeth.
Your uncanny sense of smell can sniff out nearby items.
Your experience applies equally to all skills.
Your flesh is heat resistant. (rF+)
Your magical capacity is low. (-10% MP)


Message History

Confirm with . or Enter, or press ? or * to list all spells.
Flames lash Ijyb.
Ijyb is heavily wounded.
Ijyb's fire resistance burns away.
You feel very sick.
Ijyb hits you with a +4 dagger of venom.
You are lethally poisoned!
Your magical contamination has completely faded away.
Unknown command.
Unknown command.
Okay, then.
Sorry, you're not good enough to have a special ability.
Sorry, you're not good enough to have a special ability.
Okay, then.
As you read the scroll labelled PAUSAIFRYR, it crumbles to dust.
You feel strangely unstable.
It was a scroll of teleportation.
You feel very sick.
Ijyb hits you with a +4 dagger of venom.
* * * LOW HITPOINT WARNING * * *
The dart slug launches a dart at you. The slug dart misses you.
Unknown command.
As you read the scroll labelled SOAXUF KISU, it crumbles to dust.
You feel aware of your surroundings.
You sensed 1 altar.
It was a scroll of magic mapping.
* * * LOW HITPOINT WARNING * * *
You feel very sick. The endoplasm freezes you.
You are frozen.
You resist.
Ijyb zaps a wand.
You resist with almost no effort.
Unknown command.
Really quaff the potion of mutation?
You feel extremely strange.
You feel clumsy.
You feel agile.
You feel less energetic.
You feel resistant to heat.
* * * LOW HITPOINT WARNING * * *
You feel very sick.
Ijyb is no longer more vulnerable to fire.
The dart slug launches a dart at you. The slug dart hits you.
You die...

**,*****,*###>.....##.......#,#..
**,*,,,,,#,.......##........#.#..
**,*,***,#.##...#..#........#.)..
**,,,,,,<.......#.....#.........#
**,*,,,,,......†:.....#.##..#...#
**,,,,**,#.......................
,,,,,,,,,....#.#.....##.##..)...#
*****,**,....#.#.....#.∩..§...)..
*,,,,>.....g@............)...
*,**,#.....J.....####..#...)#
*,**,......$.............##<#
*,*,,....§.....#.......######
*,*,*#.#.§§.w#.#..####.# **
*,,,,....§§§...##...,..# *,
*,***#..#§§§.#.#*,###..# *,
*,**,..........#*,**#.#* *,
*,**,*,,***,,,,,,,,,,,******,


You could see Ijyb, a dart slug and an endoplasm.

Vanquished Creatures
  Sigmund (D:2)
  Terence (D:2)
  Robin (D:2)
  A gnoll (D:1)
  A dart slug (D:2)
  2 bats
  4 endoplasms
  12 goblins
  6 hobgoblins
  4 jackals (D:2)
  2 quokkas (D:1)
  8 ball pythons
  3 frilled lizards
  5 kobolds
  3 rats (D:1)
54 creatures vanquished.

Vanquished Creatures (others)
  154 foxfires
154 creatures vanquished.

Grand Total: 208 creatures vanquished

Notes
Turn   | Place    | Note
-------+----------+-------------------------------------------
     0 | D:1      | retardedninja the Gnoll Fire Elementalist began the quest
                  | for the Orb.
     0 | D:1      | Reached XP level 1. HP: 13/13 MP: 6/6
   172 | D:1      | Reached XP level 2. HP: 19/19 MP: 5/7
   398 | D:1      | Reached skill level 5 in Spellcasting
   398 | D:1      | Reached XP level 3. HP: 25/25 MP: 5/9
   678 | D:1      | Reached skill level 1 in Invocations
  1031 | D:2      | Noticed Terence
  1051 | D:2      | Killed Terence
  1052 | D:2      | Reached skill level 1 in Fighting
  1052 | D:2      | Reached skill level 1 in Short Blades
  1052 | D:2      | Reached skill level 1 in Long Blades
  1052 | D:2      | Reached skill level 1 in Axes
  1052 | D:2      | Reached skill level 1 in Maces & Flails
  1052 | D:2      | Reached skill level 1 in Polearms
  1052 | D:2      | Reached skill level 1 in Staves
  1052 | D:2      | Reached skill level 1 in Ranged Weapons
  1052 | D:2      | Reached skill level 1 in Throwing
  1052 | D:2      | Reached skill level 1 in Armour
  1052 | D:2      | Reached skill level 1 in Shields
  1052 | D:2      | Reached skill level 1 in Unarmed Combat
  1052 | D:2      | Reached skill level 1 in Evocations
  1052 | D:2      | Reached XP level 4. HP: 9/32 MP: 3/11
  1139 | D:2      | Learned a level 2 spell: Scorch
  1253 | D:2      | Noticed Sigmund
  1268 | D:2      | Killed Sigmund
  1269 | D:2      | Reached skill level 1 in Hexes
  1269 | D:2      | Reached skill level 1 in Summonings
  1269 | D:2      | Reached skill level 1 in Necromancy
  1269 | D:2      | Reached skill level 1 in Translocations
  1269 | D:2      | Reached skill level 1 in Transmutations
  1269 | D:2      | Reached skill level 1 in Ice Magic
  1269 | D:2      | Reached skill level 1 in Air Magic
  1269 | D:2      | Reached skill level 1 in Earth Magic
  1269 | D:2      | Reached skill level 1 in Poison Magic
  1269 | D:2      | Reached XP level 5. HP: 31/38 MP: 4/12
  1645 | D:2      | Reached XP level 6. HP: 44/44 MP: 10/13
  2343 | D:3      | Noticed Robin
  2804 | D:2      | Killed Robin
  2805 | D:2      | Reached skill level 5 in Dodging
  2949 | D:3      | Found Banovib's Antique Weapon Emporium.
  2957 | D:3      | Identified the ring of Zaloraum {rElec rPois rC+ Will+
                  | SInv}
  2991 | D:3      | Found a faded altar of an unknown god.
  2992 | D:3      | Noticed Ijyb
  3007 | D:3      | Gained mutation: You are clumsy. (Dex -2) [potion of
                  | mutation]
  3007 | D:3      | Lost mutation: You are clumsy. (Dex -2) [potion of
                  | mutation]
  3007 | D:3      | Gained mutation: Your magical capacity is low. (-10% MP)
                  | [potion of mutation]
  3007 | D:3      | Gained mutation: Your flesh is heat resistant. (rF+)
                  | [potion of mutation]
  3007 | D:3      | HP: 1/44 [poisoned by Ijyb]
  3007 | D:3      | Killed from afar by a dart slug

Illustrated notes

Levels and vault maps discovered:
D:1:      heliophobic_arrival_enchanted_forest, layout_rooms
D:2:      layout_rooms, serial_aquarium, aquarium_bridge_straight
          [aquarium_subvault_bridge, aquarium_subvault_wall,
          aquarium_subvault_bridge, aquarium_subvault_window],
          aquarium_bridge_long_separate [aquarium_subvault_balcony,
          aquarium_subvault_bridge, aquarium_subvault_bridge,
          aquarium_subvault_bridge, aquarium_subvault_wall,
          aquarium_subvault_balcony], aquarium_window_1, aquarium_window_1,
          aquarium_window_1, aquarium_window_1, aquarium_view_2e,
          aquarium_view_2c, aquarium_balcony_double_4, aquarium_pool_S,
          uniq_sigmund, uniq_terence
D:3:      layout_basic, nicolae_uskayaw_murder_on_the_dancefloor,
          ebering_ecumenical_altar_mist, serial_shops, shop, uniq_robin,
          uniq_natasha, uniq_ijyb

Skill      XL: |  1  2  3  4  5  6 |
---------------+-------------------+-----
Conjurations   | 2 |  2.6
Spellcasting   | 5 |  5.3
Invocations    | 1 2 |  2.1
Fighting       | 1 |  1.9
Short Blades   | 1 |  1.9
Long Blades    | 1 |  1.9
Axes           | 1 |  1.9
Maces & Flails | 1 |  1.9
Polearms       | 1 |  1.9
Staves         | 1 |  1.9
Ranged Weapons | 1 |  1.9
Throwing       | 1 |  1.9
Armour         | 1 |  1.9
Shields        | 1 |  1.9
Unarmed Combat | 1 |  1.9
Evocations     | 1 |  1.9
Hexes          | 1 |  1.5
Summonings     | 1 |  1.5
Necromancy     | 1 |  1.5
Translocations | 1 |  1.5
Transmutations | 1 |  1.5
Ice Magic      | 1 |  1.5
Air Magic      | 1 |  1.5
Earth Magic    | 1 |  1.5
Poison Magic   | 1 |  1.5
Dodging        | 5 |  5.0
Stealth        | |  4.6
Fire Magic     | |  5.6

Action                     |  1- 3 |  4- 6 || total
---------------------------+-------+-------++-------
   Cast: Foxfire           |    62 |    27 ||    89
         Scorch            |       |    21 ||    21
    Use: Scroll            |       |    10 ||    10
         Potion            |       |     1 ||     1
 Armour: Robe              |     1 |     5 ||     6
  Dodge: Dodged            |    14 |    20 ||    34

Table legend: (Time is in decaauts)
 A = Elapsed time spent in this place.
 B = Non-inter-level travel time spent in this place.
 C = Inter-level travel time spent in this place.
 D = Time resting spent in this place.
 E = Time spent auto-exploring this place.
 F = Levels seen in this place.
 G = Mean time per level.
                   A        B        C        D        E       F      G
               +--------+--------+--------+--------+--------+-----+--------+
         Total |   3009 |   2981 |     28 |   1106 |   1479 |   3 | 1003.0 |
       Dungeon |   3009 |   2981 |     28 |   1106 |   1479 |   3 | 1003.0 |
               +--------+--------+--------+--------+--------+-----+--------+

Top non-repeatable levels by time:
     D:2: 2108 daAuts
     D:1: 824 daAuts
     D:3: 76 daAuts
